General information
- name: BNet
- type: Ladder team game (AT/RT)
- host: Battle.net
- saver: Pizarro
map: TwilightRuins
- players: 8
- length: 47:18
- speed: Fast
- version: 1.27 W3XP
- replay type: Public
» download(275 KB)
Players
team 1 (winner)
HeLLz-OrC (
purple | 74 APM | 2008 actions | 27:12)
7 Far Seer
3 Feral Spirit
3 Chain Lighting
1 Earth Quake
4 Tauren Chieftain
2 War Stomp
2 Endurance Aura
» actions
| Assign group hotkey | 27 | |
| Basic commands | 67 | |
| Build / train | 67 | |
| Enter build submenu | 18 | |
| Enter hero's abilities submenu | 11 | |
| Give item / drop item | 2 | |
| Remove unit from queue | 1 | |
| Right click | 1086 | |
| Select / deselect | 586 | |
| Select group hotkey | 38 | |
| Use ability | 105 | |
2008 total
» units
| Peon | 7 | |
| Grunt | 6 | |
| Tauren | 15 | |
| Demolisher | 2 | |
30 total
» upgrades
| Berserker Strength | 1 | |
| Pulverize | 1 | |
| Armor | 2 | |
4 total
» buildings
| Altar of Storms | 1 | |
| Orc Burrow | 8 | |
| Barracks | 1 | |
| Stronghold | 1 | |
| Fortress | 1 | |
| War Mill | 1 | |
| Voodoo Lounge | 1 | |
| Tauren Totem | 2 | |
| Spirit Lodge | 1 | |
| Great Hall | 1 | |
18 total
» build order
00:05 Altar of Storms
00:25 Orc Burrow
00:45 Barracks
01:38 Orc Burrow
02:42 Stronghold
03:05 Orc Burrow
05:15 Orc Burrow
05:16 Fortress
05:19 War Mill
05:26 Voodoo Lounge
06:25 Orc Burrow
07:23 Orc Burrow
07:46 Tauren Totem
07:53 Tauren Totem
12:51 Orc Burrow
15:10 Orc Burrow
19:05 Spirit Lodge
26:05 Great Hall
» items
| Healing Salve | 5 | |
| Lesser Clarity Potion | 6 | |
| Scroll of Speed | 2 | |
| Potion of Healing | 3 | |
| Potion of Mana | 1 | |
17 total
CantStumpTheTru (
green | 87 APM | 4111 actions | 47:18)
8 Death Knight
3 Death Coil
3 Unholy Aura
1 Animate Dead
1 Death Pact
7 Crypt Lord
3 Carrion Beetles
3 Impale
1 Locust Swarm
» actions
| Assign group hotkey | 39 | |
| Basic commands | 155 | |
| Build / train | 156 | |
| ESC pressed | 2 | |
| Enter build submenu | 39 | |
| Enter hero's abilities submenu | 15 | |
| Give item / drop item | 15 | |
| Right click | 1608 | |
| Select / deselect | 470 | |
| Select group hotkey | 1411 | |
| Use ability | 201 | |
4111 total
» units
| Acolyte | 12 | |
| Ghoul | 2 | |
| Crypt Fiend | 8 | |
| Goblin Shredder | 5 | |
| Abomination | 1 | |
| Goblin Zeppelin | 4 | |
| Gargoyle | 3 | |
| Obsidian Statue | 2 | |
| Frost Wyrm | 2 | |
| Goblin Sapper | 3 | |
42 total
» upgrades
| Creature Attack | 3 | |
| Burrow | 2 | |
| Creature Carapace | 3 | |
| Web | 1 | |
| Destroyer Form | 1 | |
| Disease Cloud | 1 | |
| Freezing Breath | 1 | |
| Exhume Corpses | 1 | |
| Ghoul Frenzy | 1 | |
| Unholy Armor | 3 | |
| Unholy Strength | 3 | |
| Stone Form | 1 | |
| Reinforced Defenses | 1 | |
22 total
» buildings
| Graveyard | 1 | |
| Crypt | 4 | |
| Altar of Darkness | 1 | |
| Ziggurat | 13 | |
| Tomb of Relics | 1 | |
| Necropolis | 2 | |
| Halls of the Dead | 2 | |
| Nerubian Tower | 6 | |
| Black Citadel | 4 | |
| Spirit Tower | 21 | |
| Sacrificial Pit | 1 | |
| Slaughterhouse | 4 | |
| Boneyard | 4 | |
64 total
» build order
00:09 Graveyard
00:11 Crypt
00:41 Altar of Darkness
00:58 Ziggurat
01:40 Tomb of Relics
02:06 Ziggurat
04:18 Necropolis
05:07 Halls of the Dead
05:07 Halls of the Dead
05:45 Ziggurat
06:32 Nerubian Tower
06:53 Nerubian Tower
06:54 Nerubian Tower
06:59 Ziggurat
07:24 Ziggurat
08:08 Black Citadel
08:08 Black Citadel
08:08 Black Citadel
08:15 Spirit Tower
08:15 Spirit Tower
08:15 Spirit Tower
09:49 Sacrificial Pit
09:52 Ziggurat
09:54 Slaughterhouse
09:56 Slaughterhouse
10:01 Crypt
10:03 Spirit Tower
10:03 Spirit Tower
10:05 Ziggurat
10:07 Ziggurat
10:23 Spirit Tower
10:23 Spirit Tower
10:25 Ziggurat
11:17 Boneyard
11:19 Boneyard
11:24 Nerubian Tower
11:24 Spirit Tower
11:25 Spirit Tower
11:25 Spirit Tower
12:28 Spirit Tower
14:04 Spirit Tower
18:17 Slaughterhouse
18:18 Slaughterhouse
18:22 Crypt
18:24 Crypt
18:27 Boneyard
18:28 Boneyard
22:32 Necropolis
25:40 Ziggurat
25:41 Ziggurat
25:44 Ziggurat
25:46 Ziggurat
28:09 Nerubian Tower
28:10 Nerubian Tower
28:12 Spirit Tower
36:22 Spirit Tower
» items
| Rod of Necromancy | 2 | |
| Periapt of Vitality | 1 | |
| Wand of Illusion | 1 | |
| Mana Stone | 2 | |
| Ring of Regeneration | 1 | |
| Health Stone | 1 | |
| Gauntlets of Ogre Strength +3 | 1 | |
| Sentry Wards | 1 | |
| Scroll of Town Portal | 2 | |
| Orb of Corruption | 1 | |
| Boots of Speed | 1 | |
| Book of the Dead | 1 | |
| Pendant of Energy | 1 | |
| Ankh of Reincarnation | 1 | |
17 total
Big_Raw (
blue | 101 APM | 2637 actions | 26:11)
7 Priestess of the Moon
3 Trueshot Aura
3 Searing Arrows
1 Starfall
» actions
| Assign group hotkey | 24 | |
| Basic commands | 9 | |
| Build / train | 70 | |
| ESC pressed | 6 | |
| Enter build submenu | 21 | |
| Enter hero's abilities submenu | 8 | |
| Remove unit from queue | 1 | |
| Right click | 1147 | |
| Select / deselect | 223 | |
| Select group hotkey | 1070 | |
| Use ability | 58 | |
2637 total
» units
| Wisp | 30 | |
| Archer | 4 | |
| Hippogryph | 9 | |
| Goblin Sapper | 2 | |
| Chimaera | 3 | |
48 total
» upgrades
| Strength of the Wild | 3 | |
| Reinforced Hides | 2 | |
| Corrosive Breath | 1 | |
| Well Spring | 1 | |
7 total
» buildings
| Altar of Elders | 1 | |
| Moon Well | 8 | |
| Ancient of War | 2 | |
| Tree of Ages | 1 | |
| Hunter's Hall | 1 | |
| Tree of Eternity | 1 | |
| Ancient of Wind | 2 | |
| Tree of Life | 2 | |
| Chimaera Roost | 4 | |
22 total
» build order
00:12 Altar of Elders
00:18 Moon Well
00:48 Ancient of War
01:32 Moon Well
01:54 Ancient of War
02:17 Moon Well
03:56 Tree of Ages
04:02 Hunter's Hall
05:08 Moon Well
07:22 Tree of Eternity
07:26 Ancient of Wind
07:56 Moon Well
08:19 Tree of Life
11:24 Chimaera Roost
11:26 Chimaera Roost
12:43 Chimaera Roost
12:48 Chimaera Roost
14:51 Ancient of Wind
15:31 Moon Well
15:33 Moon Well
20:06 Tree of Life
20:11 Moon Well
» items
| Scroll of Town Portal | 2 | |
| Boots of Speed | 1 | |
| Scroll of Healing | 1 | |
4 total

»
WhoAteMyChuros (
pink | 36 APM | 883 actions | 24:52)
5 Mountain King
3 Storm Bolt
2 Bash
5 Paladin
3 Holy Light
2 Divine Shield
» actions
| Build / train | 84 | |
| ESC pressed | 1 | |
| Enter build submenu | 25 | |
| Enter hero's abilities submenu | 10 | |
| Remove unit from queue | 1 | |
| Right click | 431 | |
| Select / deselect | 273 | |
| Use ability | 58 | |
883 total
» units
| Peasant | 31 | |
| Footman | 7 | |
| Gryphon Rider | 14 | |
52 total
» upgrades
| Masonry | 1 | |
| Swords | 3 | |
| Plating | 0 | |
| Armor | 2 | |
| Lumber Harvesting | 2 | |
| Storm Hammers | 1 | |
9 total
» buildings
| Altar of Kings | 1 | |
| Farm | 14 | |
| Barracks | 1 | |
| Lumber Mill | 2 | |
| Town Hall | 2 | |
| Keep | 1 | |
| Blacksmith | 1 | |
| Arcane Vault | 1 | |
| Gryphon Aviary | 3 | |
| Castle | 2 | |
| Guard Tower | 1 | |
29 total
» build order
00:06 Altar of Kings
00:08 Farm
00:28 Barracks
00:47 Farm
02:34 Lumber Mill
02:47 Farm
03:30 Farm
03:55 Farm
04:45 Town Hall
06:13 Keep
07:40 Blacksmith
08:00 Arcane Vault
09:03 Gryphon Aviary
09:08 Castle
09:08 Castle
09:12 Gryphon Aviary
09:19 Gryphon Aviary
10:39 Guard Tower
10:49 Farm
11:30 Farm
11:49 Lumber Mill
12:17 Farm
12:59 Farm
14:22 Farm
15:31 Farm
15:37 Farm
18:06 Farm
19:25 Farm
22:49 Town Hall
» items
| Potion of Healing | 1 | |
| Scroll of Regeneration | 1 | |
| Ivory Tower | 3 | |
5 total
team 2 (loser)

»
skillset (
yellow | 68 APM | 1216 actions | 17:45)
4 Death Knight
2 Death Coil
2 Unholy Aura
2 Dark Ranger
1 Black Arrow
1 Silence
» actions
| Assign group hotkey | 47 | |
| Build / train | 49 | |
| ESC pressed | 1 | |
| Enter build submenu | 20 | |
| Enter hero's abilities submenu | 6 | |
| Give item / drop item | 1 | |
| Remove unit from queue | 3 | |
| Right click | 841 | |
| Select / deselect | 176 | |
| Select group hotkey | 30 | |
| Use ability | 42 | |
1216 total
» units
| Acolyte | 6 | |
| Ghoul | 2 | |
| Crypt Fiend | 6 | |
| Obsidian Statue | 5 | |
| Frost Wyrm | 6 | |
25 total
» upgrades
| Web | 1 | |
| Destroyer Form | 1 | |
| Freezing Breath | 1 | |
3 total
» buildings
| Crypt | 1 | |
| Ziggurat | 8 | |
| Graveyard | 1 | |
| Altar of Darkness | 1 | |
| Tomb of Relics | 1 | |
| Halls of the Dead | 3 | |
| Black Citadel | 1 | |
| Slaughterhouse | 1 | |
| Sacrificial Pit | 1 | |
| Boneyard | 2 | |
20 total
» build order
00:15 Crypt
00:18 Ziggurat
00:22 Ziggurat
00:36 Graveyard
00:59 Altar of Darkness
01:50 Ziggurat
02:00 Tomb of Relics
03:48 Halls of the Dead
03:48 Halls of the Dead
03:49 Halls of the Dead
05:22 Ziggurat
05:34 Ziggurat
06:56 Black Citadel
07:05 Slaughterhouse
08:40 Sacrificial Pit
09:37 Boneyard
09:59 Boneyard
12:28 Ziggurat
12:32 Ziggurat
15:05 Ziggurat
» items
| Rod of Necromancy | 1 | |
| Healing Salve | 1 | |
| Potion of Healing | 1 | |
| Orb of Lightning | 1 | |
| Scroll of Town Portal | 1 | |
5 total
Pizarro (
orange | 40 APM | 1888 actions | 47:18)
7 Blood Mage
3 Flame Strike
2 Siphon Mana
1 Summon Phoenix
1 Banish
» actions
| Assign group hotkey | 87 | |
| Basic commands | 67 | |
| Build / train | 100 | |
| Enter build submenu | 53 | |
| Enter hero's abilities submenu | 7 | |
| Give item / drop item | 4 | |
| Remove unit from queue | 2 | |
| Right click | 820 | |
| Select / deselect | 435 | |
| Select group hotkey | 146 | |
| Use ability | 166 | |
1888 total
» units
| Peasant | 17 | |
| Footman | 4 | |
| Goblin Shredder | 2 | |
| Goblin Zeppelin | 1 | |
| Gryphon Rider | 4 | |
| Goblin Sapper | 14 | |
| Dragonhawk Rider | 1 | |
43 total
» upgrades
| Masonry | 2 | |
| Swords | 2 | |
| Armor | 2 | |
| Animal War Training | 1 | |
| Storm Hammers | 1 | |
8 total
» buildings
| Altar of Kings | 1 | |
| Barracks | 1 | |
| Farm | 10 | |
| Scout Tower | 35 | |
| Arcane Tower | 1 | |
| Keep | 2 | |
| Arcane Vault | 1 | |
| Town Hall | 1 | |
| Lumber Mill | 2 | |
| Castle | 1 | |
| Guard Tower | 6 | |
| Blacksmith | 2 | |
| Workshop | 1 | |
| Gryphon Aviary | 4 | |
68 total
» build order
00:38 Altar of Kings
00:39 Barracks
00:51 Farm
00:55 Farm
01:07 Farm
01:36 Farm
02:02 Scout Tower
02:44 Arcane Tower
03:43 Keep
03:45 Arcane Vault
04:22 Town Hall
04:29 Lumber Mill
04:39 Scout Tower
04:43 Scout Tower
04:47 Scout Tower
04:50 Scout Tower
06:26 Castle
07:18 Scout Tower
07:19 Scout Tower
07:19 Scout Tower
07:20 Scout Tower
07:21 Scout Tower
07:22 Scout Tower
07:24 Scout Tower
07:25 Scout Tower
07:29 Guard Tower
07:30 Guard Tower
08:10 Guard Tower
08:27 Blacksmith
09:12 Workshop
09:49 Guard Tower
10:41 Scout Tower
10:44 Scout Tower
10:49 Scout Tower
11:18 Gryphon Aviary
11:19 Gryphon Aviary
11:19 Gryphon Aviary
11:20 Gryphon Aviary
11:23 Blacksmith
13:17 Farm
13:39 Scout Tower
13:39 Scout Tower
13:40 Scout Tower
13:40 Scout Tower
13:41 Scout Tower
13:41 Scout Tower
13:42 Scout Tower
15:01 Scout Tower
15:01 Scout Tower
15:02 Scout Tower
15:03 Scout Tower
15:03 Scout Tower
15:20 Farm
15:21 Farm
17:12 Guard Tower
20:03 Scout Tower
20:03 Scout Tower
20:04 Scout Tower
20:04 Scout Tower
20:04 Scout Tower
21:22 Lumber Mill
22:25 Guard Tower
25:41 Keep
29:46 Farm
29:49 Farm
37:41 Farm
» items
| Scroll of Regeneration | 5 | |
| Mechanical Critter | 5 | |
| Staff of Teleportation | 1 | |
| Boots of Speed | 1 | |
| Periapt of Vitality | 2 | |
| Lesser Clarity Potion | 2 | |
| Potion of Mana | 2 | |
| Scroll of Town Portal | 3 | |
| Potion of Invisibility | 1 | |
| Potion of Lesser Invulnerability | 1 | |
| Potion of Healing | 4 | |
| Healing Salve | 1 | |
| Tiny Great Hall | 1 | |
29 total
I_AM_REEK. (
teal | 65 APM | 2594 actions | 40:00)
7 Blademaster
3 Wind Walk
3 Critical Strike
1 Bladestorm
1 Shadow Hunter
1 Hex
1 Dark Ranger
1 Silence
» actions
| Assign group hotkey | 49 | |
| Basic commands | 50 | |
| Build / train | 82 | |
| Enter build submenu | 17 | |
| Enter hero's abilities submenu | 9 | |
| Give item / drop item | 3 | |
| Right click | 1210 | |
| Select / deselect | 304 | |
| Select group hotkey | 700 | |
| Use ability | 170 | |
2594 total
» units
| Peon | 8 | |
| Goblin Shredder | 1 | |
| Wind Rider | 3 | |
| Troll Batrider | 11 | |
| Frost Wyrm | 1 | |
| Gargoyle | 4 | |
| Goblin Sapper | 10 | |
| Raider | 2 | |
| Acolyte | 1 | |
41 total
» upgrades
| Envenomed Spears | 1 | |
| Reinforced Defenses | 1 | |
| Ranged Weapons | 2 | |
| Liquid Fire | 1 | |
5 total
» buildings
| Altar of Storms | 1 | |
| Orc Burrow | 4 | |
| War Mill | 1 | |
| Voodoo Lounge | 1 | |
| Watch Tower | 21 | |
| Stronghold | 1 | |
| Beastiary | 4 | |
| Fortress | 1 | |
| Great Hall | 1 | |
35 total
» build order
00:08 Altar of Storms
00:21 Orc Burrow
00:37 War Mill
01:16 Voodoo Lounge
01:54 Watch Tower
02:14 Watch Tower
02:34 Watch Tower
03:11 Orc Burrow
03:33 Stronghold
03:58 Orc Burrow
03:59 Orc Burrow
05:23 Watch Tower
05:23 Watch Tower
05:23 Watch Tower
06:01 Beastiary
06:03 Beastiary
07:47 Fortress
17:58 Watch Tower
17:58 Watch Tower
17:59 Watch Tower
17:59 Watch Tower
17:59 Watch Tower
18:00 Watch Tower
18:01 Watch Tower
18:01 Watch Tower
18:02 Watch Tower
19:41 Beastiary
22:48 Great Hall
22:49 Watch Tower
22:49 Watch Tower
22:50 Watch Tower
23:10 Beastiary
24:18 Watch Tower
24:19 Watch Tower
24:19 Watch Tower
» items
| Healing Salve | 4 | |
| Lesser Clarity Potion | 6 | |
| Scroll of Town Portal | 5 | |
| Staff of Teleportation | 1 | |
| Potion of Healing | 1 | |
| Potion of Mana | 1 | |
| Potion of Lesser Invulnerability | 1 | |
| Orb of Lightning | 1 | |
20 total
de_tactic (
red | 33 APM | 1530 actions | 46:43)
7 Mountain King
3 Storm Bolt
3 Bash
1 Avatar
» actions
| Assign group hotkey | 66 | |
| Basic commands | 1 | |
| Build / train | 123 | |
| Enter build submenu | 17 | |
| Enter hero's abilities submenu | 7 | |
| Give item / drop item | 5 | |
| Remove unit from queue | 3 | |
| Right click | 481 | |
| Select / deselect | 327 | |
| Select group hotkey | 402 | |
| Use ability | 98 | |
1530 total
» units
| Peasant | 14 | |
| Footman | 1 | |
| Rifleman | 20 | |
| Frost Wyrm | 5 | |
| Crypt Fiend | 2 | |
| Obsidian Statue | 2 | |
| Gargoyle | 21 | |
65 total
» upgrades
| Gunpowder | 3 | |
| Armor | 3 | |
| Masonry | 3 | |
| Lumber Harvesting | 2 | |
| Long Rifles | 1 | |
| Flak Cannons | 1 | |
| Flying Machine Bombs | 1 | |
| Unholy Strength | 0 | |
| Creature Attack | 1 | |
15 total
» buildings
| Altar of Kings | 1 | |
| Barracks | 2 | |
| Blacksmith | 1 | |
| Farm | 11 | |
| Lumber Mill | 2 | |
| Town Hall | 2 | |
| Keep | 1 | |
| Arcane Vault | 1 | |
| Scout Tower | 6 | |
| Guard Tower | 3 | |
| Castle | 1 | |
| Workshop | 3 | |
| Spirit Tower | 1 | |
35 total
» build order
01:29 Altar of Kings
01:31 Barracks
01:34 Barracks
01:47 Blacksmith
01:56 Farm
01:57 Farm
01:58 Farm
01:59 Farm
03:01 Farm
03:07 Lumber Mill
06:05 Town Hall
06:28 Keep
07:12 Arcane Vault
07:15 Farm
07:17 Farm
07:17 Farm
07:18 Farm
07:19 Farm
07:20 Farm
09:20 Scout Tower
09:21 Scout Tower
09:22 Scout Tower
09:26 Scout Tower
09:27 Scout Tower
09:27 Scout Tower
10:11 Guard Tower
11:18 Guard Tower
12:10 Guard Tower
12:12 Castle
12:43 Lumber Mill
23:05 Workshop
23:06 Workshop
23:07 Workshop
24:54 Spirit Tower
28:20 Town Hall
» items
| Scroll of Regeneration | 4 | |
| Lesser Clarity Potion | 2 | |
| Potion of Healing | 5 | |
| Scroll of Town Portal | 11 | |
| Potion of Mana | 3 | |
| Orb of Fire | 1 | |
| Scroll of Speed | 1 | |
27 total
Chat log
(01:02 / Allies) skillset: rty
(01:42 / All) I_AM_REEK.: trump #1
(01:59 / All) Big_Raw: *#2
(09:46 / Allies) skillset: wood plz
(10:10 / Allies) I_AM_REEK.: the hero
(10:31 / Allies) I_AM_REEK.: stay
(10:31 / Allies) I_AM_REEK.: fight
(11:46 / Allies) I_AM_REEK.: yellow
(11:48 / Allies) I_AM_REEK.: ur so fucking useless
(11:50 / Allies) I_AM_REEK.: u know that
(12:09 / Allies) I_AM_REEK.: i told u to fucking stay
(12:35 / All) Pizarro: that failed LOL
(12:39 / All) Pizarro: he had vision with his wisps
(12:56 / Allies) I_AM_REEK.: yellow
(12:58 / Allies) I_AM_REEK.: hit with me
(12:59 / Allies) I_AM_REEK.: useless cunt
(13:14 / Allies) I_AM_REEK.: focus heros nonstop
(14:05 / Allies) I_AM_REEK.: yellow
(14:07 / Allies) I_AM_REEK.: are u fucking serious
(14:20 / All) I_AM_REEK.: purple ur the fucking luckiest person ever
(14:22 / Allies) skillset: YOU ARE STUPID
(14:23 / All) I_AM_REEK.: i know u suck
(14:24 / Allies) skillset: HOLY *****
(14:28 / All) I_AM_REEK.: but u keep staying alive
(14:43 / Allies) I_AM_REEK.: yellow U COMPLETELY IGNORED PUPRLES UNITS
(14:47 / Allies) I_AM_REEK.: dumbass
(14:58 / Allies) I_AM_REEK.: how do u not hav ean expo
(15:40 / Allies) Pizarro: help
(16:47 / Allies) I_AM_REEK.: still yellow not tping
(16:56 / Allies) Pizarro: tp yellow wtf
(17:00 / Allies) skillset: need gold
(17:31 / Allies) Pizarro: youi should ahve fucking tpd when we were all fighting
(17:47 / Allies) I_AM_REEK.: yellow lost all his units when we hit this expo cuz he never stopped
(20:03 / All) CantStumpTheTru: BLUE IS A TKER
(20:03 / All) CantStumpTheTru: BLUE TK
(21:06 / Allies) Pizarro: lumber
(21:09 / Allies) Pizarro: lots
(21:32 / Allies) Pizarro: I fucked up my tower haraass by making it in wisp view
(21:34 / Allies) Pizarro: then got my base raped
(21:36 / Allies) Pizarro: what a shit game
(22:53 / All) CantStumpTheTru: I don't take kindly to tkers on my team
(22:58 / All) CantStumpTheTru: I killed and reported blue
(23:04 / All) CantStumpTheTru: our team's tker
(23:07 / All) CantStumpTheTru: so many idiots on battlenet
(23:32 / Allies) de_tactic: main1
(24:55 / All) CantStumpTheTru: gg my team had a tker
(25:02 / All) Pizarro: chim queer
(25:11 / All) I_AM_REEK.: i swear to god whnever i face players they always never giveup
(25:12 / All) Pizarro: fucking so lucky you didn't get assraped by c anon towers
(27:09 / All) HeLLz-OrC: thank green....
(27:31 / All) CantStumpTheTru: I don't think my team appreciated killing filthy tker blue
(27:50 / All) I_AM_REEK.: i swear to god why do i always go up agains tplayers who seem so much better than they relly are
(28:27 / All) Pizarro: I was trying to make canon towers in blue's base
(28:33 / All) Pizarro: but I flamestruck too close to his base
(28:37 / All) Pizarro: and his wisps had vision
(28:48 / All) Pizarro: plus I attacked the wisp with hero
(28:53 / All) Pizarro: so I flubbed it up lawl
(28:53 / All) CantStumpTheTru: you guys got lucky this game
(28:56 / All) CantStumpTheTru: my team had a tker
(28:58 / All) CantStumpTheTru: Watch the replay guys
(29:25 / All) CantStumpTheTru: teal, orange
(29:31 / All) CantStumpTheTru: can you two watch the replay and report blue for me?
(29:35 / All) CantStumpTheTru: his behaviour is really unsportsmanlike
(29:37 / All) I_AM_REEK.: k
(29:43 / All) CantStumpTheTru: I was just by his army and he killed my fiends and shit
(29:44 / All) CantStumpTheTru: withj chims
(29:46 / All) CantStumpTheTru: dunno why
(30:01 / All) CantStumpTheTru: lawl
(30:07 / All) CantStumpTheTru: I hardly ever see a bm go down so fast
(30:59 / All) CantStumpTheTru: woot free xp
(31:02 / All) CantStumpTheTru: thanks red and yellow
(31:15 / Allies) de_tactic: who was doin that with units u dumb cunts
(31:33 / All) I_AM_REEK.: red hasnt helped all game and he critcies me
(31:35 / All) CantStumpTheTru: woot I have high level undaed heroes
(31:37 / Allies) de_tactic: lost us the game
(31:43 / All) CantStumpTheTru: 1v4 even after killing my tker team
(31:47 / All) I_AM_REEK.: purple beat us 1v3 cuz yellow tped when i told him not and so did red
(31:59 / All) CantStumpTheTru: I beat you 1v4 noob
(32:14 / Allies) de_tactic: stfu u fuck up with the units u dumb cunt
(32:20 / All) Pizarro: yellow was dumb as hell
(32:31 / All) I_AM_REEK.: great red is a mexican
(32:34 / All) Pizarro: tped well after all our shit was dead and my towers too
(32:35 / All) I_AM_REEK.: who blames others
(32:52 / Allies) de_tactic: trying to controls units fuckinf loser cunt i was feed ing him thise were my fucking units u usless cuunt
(32:57 / All) I_AM_REEK.: yellow couldnt tp cuz he hads no hero but same thing- he lost his hero cuz he was focusing expo rather than the 2 armies on us
(33:13 / All) I_AM_REEK.: red and yellow were so useless
(33:49 / Allies) de_tactic: who controling yellow
(34:02 / Allies) Pizarro: teal
(34:03 / Allies) Pizarro: and me
(34:05 / Allies) Pizarro: mad?
(34:33 / Allies) de_tactic: oh ok mt team being a dumb cunt
(34:43 / Allies) Pizarro: worthless queer
(35:25 / Allies) Pizarro: see how close I got to his first line of trees
(35:27 / Allies) Pizarro: that was dumb
(35:33 / Allies) Pizarro: SHIIIIEEETTT
(35:41 / Allies) Pizarro: was gonna canon tower his hall lol
(35:51 / Allies) de_tactic: stfu all u guys are dumb cunts
(35:57 / Allies) Pizarro: just leave red ya lost
(36:04 / Allies) de_tactic: go kill urselfs right now
(36:10 / Allies) Pizarro: yep that's the plan
(36:42 / All) CantStumpTheTru: cl way more powerful with impale and beetle over carapace
(37:31 / Allies) de_tactic: im a dumb cunt like teal ya look at me
(37:38 / All) CantStumpTheTru: 100 food undead army with high level heroes is so fun lawl
(38:02 / All) I_AM_REEK.: red donde esta
(38:08 / All) I_AM_REEK.: red poopy head
(38:20 / All) I_AM_REEK.: red panonche
(38:24 / All) de_tactic: fuck u od and die
(39:17 / All) Pizarro: red deserves this loss as does yellow
(39:28 / All) Pizarro: red is a worthless teammate
(39:42 / Allies) de_tactic: go ahead u guys deserve to die
(40:03 / Allies) de_tactic: cause if this was real battle u two id kill for fun
(40:24 / All) Pizarro: I'd drop kick you in teh chest so hard your chest would explode, tubby
(40:49 / All) Pizarro: I'd put the stone cold stunner on ya and snap your fat neck in two
(40:57 / All) Pizarro: yeah hard to beleive but my stone cold stunner is that powerful
(41:01 / Allies) de_tactic: stfu
(41:12 / All) de_tactic: ok
(41:15 / All) de_tactic: bud
(41:19 / All) Pizarro: let's fight in real life
(41:25 / All) Pizarro: you ever heard of chin music?
(41:32 / All) Pizarro: I'm a master at it
(41:32 / All) de_tactic: were u from
(41:40 / All) Pizarro: Tulare California
(41:57 / All) Pizarro: I'm the backyard wrestling champion in my area
(42:04 / All) Pizarro: the heavyweight and intercontinental champ
(42:10 / All) CantStumpTheTru: careful these spics fight in groups, he might bring some of his cartel buddies
(42:11 / All) Pizarro: I will run through you
(42:12 / All) de_tactic: lol
(42:16 / All) de_tactic: lmao
(42:20 / All) Pizarro: You are gonna be runned over
(42:26 / All) Pizarro: You unleashed the MONSTER
(42:41 / All) de_tactic: more like the champ of dumb cunts
(42:51 / All) CantStumpTheTru: Mexicans are stupid putrid creatures devoid of culture
(42:56 / All) Pizarro: What's your creds?
(43:01 / All) CantStumpTheTru: I think their longest lasting cultural tradition is flaying people
(43:05 / All) Pizarro: I am the Tulare California heavyweight wrestling champ
(43:06 / All) CantStumpTheTru: aztecs did that so do mexicans today
(43:08 / All) Pizarro: Bring it bitch
(43:10 / All) de_tactic: and were the fuck is green unless u controling him
(43:15 / All) Pizarro: you are gonna be runned over
(43:22 / All) Pizarro: I will crush you like a mountain dew can
(43:25 / All) CantStumpTheTru: Least you guys have it easy if you come to the states
(43:32 / All) CantStumpTheTru: but trump's gonna fix that, he's gonna build a wall
(43:36 / All) CantStumpTheTru: it's going to be big and beautiful
(43:49 / All) CantStumpTheTru: you illegals gonna get disported
(44:14 / All) Pizarro: ARe you gonna try your luck against me in the ring|
(44:17 / All) Pizarro: ?
(44:25 / All) Pizarro: Tulare California, I'll put the belt on the line
(44:26 / All) CantStumpTheTru: I think he's a pussy bitch
(44:49 / All) CantStumpTheTru: he's not tlaking now, probably dialing up his cartel pals
(44:52 / All) CantStumpTheTru: fucking spics
(45:04 / All) CantStumpTheTru: Red how does it make you feel that I'm fucking your mother right now as we speak?
(45:15 / All) CantStumpTheTru: thought you should know about it
(45:28 / All) CantStumpTheTru: in case you get a new brother or sister sometime soon and aren't sure who it's from
(45:35 / All) de_tactic: k he by purples base at the expo go kill him
(45:35 / All) Pizarro: YOU AND ME MOTHERFUCKER
(45:36 / All) CantStumpTheTru: I'm fucking your whore mother red
(45:44 / All) Pizarro: MANO A MANO
(45:45 / All) CantStumpTheTru: I'm fucking your mom real good
(45:48 / All) Pizarro: ONE ON ONE
(45:53 / All) Pizarro: NONE OF YOUR MEXICANT PALS
(45:58 / All) Pizarro: THE HEAVYWEIGHT BELT ON THE LINE
(46:02 / All) Pizarro: TULARE CALIFORNIA
(46:06 / All) Pizarro: JACOB "FLAMECHAMP"
(46:08 / All) Pizarro: CAMPBELL
(46:15 / All) Pizarro: I'LL PUT IT ALL ON THE LINE, WILL YOU?
(46:36 / All) Pizarro: When I land the chin music on you it's gonna break your jaw into a million little pieces
(46:49 / All) Pizarro: I'll follow it up a toe hold and you'll be yellin for mama!
(46:51 / All) Pizarro: lol
(46:57 / All) Pizarro: JACOB "FLAMECHAMP
(47:13 / All) Pizarro: " CAMPBELL, AND STILL THE HEAVYWEIGHT CHAMPION OF THE WORLD IN TULARE CALIFNORIA